 Dungeon Crawl Stone Soup version 0.21.1-72-gffa868e0fe (webtiles) character file.

1979 IcyTea the Quickloader (level 9, -8/48 HPs)
             Began as a Kobold Hunter on Aug 4, 2018.
             Was a Believer of Okawaru.
             Mangled by a hornet (13 damage)
             ... while paralysed by a hornet
             ... on level 7 of the Dungeon.
             The game lasted 00:29:30 (8069 turns).

IcyTea the Quickloader (Kobold Hunter)              Turns: 8069, Time: 00:29:30

Health: -8/48      AC:  7    Str:  9    XL:     9   Next: 43%
Magic:  0/10       EV:  3    Int: 16    God:    Okawaru [**....]
Gold:   234        SH:  0    Dex: 15    Spells: 6/9 levels left

rFire    . . .     SeeInvis .   b - +0 short sword
rCold    + . .     Gourm    .   (shield restricted)
rNeg     . . .     Faith    .   j - +3 leather armour {rC+}
rPois    .         Spirit   +   m - +0 helmet
rElec    .         Reflect  .   l - scarf {Spirit}
rCorr    .         Harm     .   (no gloves)
MR       .....                  (no boots)
Stlth    +++.......             (no amulet)
HPRegen  0.16/turn              (no ring)
MPRegen  0.12/turn              (no ring)

@: paralysed, lethally poisoned (-8 -> -25)
A: small, carnivore
a: Heroism, Renounce Religion


You were on level 7 of the Dungeon.
You worshipped Okawaru.
Okawaru was pleased with you.
You were full.

You visited 1 branch of the dungeon, and saw 7 of its levels.

You collected 234 gold pieces.

Inventory:

Hand Weapons
 a - a +1 hand crossbow
 b - a +0 short sword (weapon)
Missiles
 d - 21 bolts
Armour
 j - a +3 leather armour of cold resistance (worn)
 l - a scarf of spirit shield (worn)
 m - a +0 helmet (worn)
 n - a +1 ring mail of magic resistance
Scrolls
 c - a scroll of immolation
 e - a scroll of teleportation
 g - 7 scrolls of identify
 h - a scroll of remove curse
 i - 3 scrolls of magic mapping
 k - a scroll of amnesia
 r - a scroll of fear
 s - a scroll of blinking
Potions
 o - a potion of magic
 p - a potion of curing
Books
 q - a book of Misfortune

   Spells                             Type                      Level
   a - Confusing Touch                Hexes                        1
   b - Confuse                        Hexes                        3
   c - Gell's Gravitas                Translocation                3
   d - Petrify                        Transmutation/Earth          4
   e - Metabolic Englaciation         Hexes/Ice                    5
   f - Yara's Violent Unravelling     Hexes/Transmutation          5
Comestibles
 f - 16 rations


   Skills:
 - Level 2.1 Fighting
 - Level 8.0 Short Blades
 - Level 10.0 Crossbows
 - Level 2.4 Dodging
 - Level 5.7 Stealth
 + Level 0.7 Spellcasting
 - Level 5.1 Hexes


You had 6 spell levels left.
You knew the following spells:

 Your Spells              Type           Power        Failure   Level  Hunger
a - Confuse               Hex            ###.....     12%         3    ####...


Dungeon Overview and Level Annotations

Branches:
Dungeon (7/15)
 Temple: D:4-7

Altars:
Cheibriados
Kikubaaqudgha
Nemelex Xobeh
Okawaru

Annotations:
D:2 2 transporters


Innate Abilities, Weirdness & Mutations

You are small and have problems with some larger weapons.
You are carnivorous and can eat meat at any time.


Message History

The centaur is heavily wounded.
The hornet seems less confused.
The centaur hits you.
You hit the centaur.
The centaur is severely wounded.
The centaur closely misses you.
You barely miss the centaur.
The centaur is severely wounded.
You feel sick. The centaur barely misses you.
You barely miss the hornet.
The hornet is severely wounded.
The centaur closely misses you. The hornet stings you.
You are more poisoned.
You suddenly lose the ability to move!
The hornet stings you!
* * * LOW HITPOINT WARNING * * *
You are more poisoned.
You shrug off the repeated paralysis!
The centaur hits you.
* * * LOW HITPOINT WARNING * * *
* * * LOW HITPOINT WARNING * * *
You feel sick. The hornet stings you!
You die...

..+...........+.....+
..#...........#.....#
..#..<........#.(...#
..#...........#.....#
########+##...#.....#
...#.....# ..#.....#
#.y...# #.@...#
#.c....... #.(.......
+...........
#...........
#.(.........
..(...###### ..(...#


You could see a hornet and a centaur.

Vanquished Creatures
  Grinder (D:4)
  A sky beast (D:7)
  An ice beast (D:5)
  A phantom (D:6)
  3 bullfrogs
  A gnoll sergeant (D:6)
  A killer bee (D:7)
  3 crimson imps
  A centaur zombie (D:5)
  A quasit (D:7)
  2 orc priests
  6 hounds
  A jelly (D:7)
  3 centaur skeletons
  Natasha (twice) (D:4)
  4 worker ants
  An iguana (D:7)
  4 orc wizards
  A worker ant zombie (D:7)
  Robin (D:3)
  14 gnolls
  A howler monkey skeleton (D:4)
  10 adders
  An ooze (D:1)
  An adder zombie (D:6)
  2 adder skeletons
  3 worms
  5 dart slugs
  6 leopard geckos
  18 orcs
  3 ball pythons
  9 bats
  3 giant cockroaches
  18 goblins
  3 hobgoblins
  15 jackals
  11 kobolds
  2 quokkas
  4 frilled lizards
  A leopard gecko skeleton (D:6)
  4 rats
173 creatures vanquished.

Notes
Turn   | Place    | Note
-------+----------+-------------------------------------------
     0 | D:1      | IcyTea the Kobold Hunter began the quest for the Orb.
     0 | D:1      | Reached XP level 1. HP: 12/12 MP: 1/1
    16 | D:1      | Reached skill level 5 in Crossbows
    35 | D:1      | Reached XP level 2. HP: 13/17 MP: 2/2
   320 | D:1      | Reached XP level 3. HP: 13/21 MP: 3/3
   595 | D:1      | Reached skill level 6 in Crossbows
  1338 | D:2      | Found a transporter.
  1338 | D:2      | Found a transporter.
  1342 | D:2      | Noticed a black bear
  1356 | D:2      | Reached XP level 4. HP: 13/26 MP: 0/4
  1550 | D:2      | Found a snail-covered altar of Cheibriados.
  2045 | D:2      | Reached skill level 7 in Crossbows
  2392 | D:3      | Noticed Robin
  2399 | D:4      | Reached XP level 5. HP: 29/30 MP: 3/5
  2649 | D:4      | Reached skill level 8 in Crossbows
  2735 | D:4      | Reached XP level 6. HP: 25/35 MP: 6/6
  2940 | D:4      | Noticed Grinder
  3313 | D:4      | Reached skill level 9 in Crossbows
  3386 | D:5      | Entered Level 5 of the Dungeon
  3395 | D:5      | HP: 1/35 [centaur zombie (5)]
  3406 | D:5      | HP: 1/35 [centaur zombie (1)]
  3847 | D:5      | Reached XP level 7. HP: 23/40 MP: 4/7
  4247 | D:4      | Reached skill level 10 in Crossbows
  4389 | D:4      | Reached skill level 1 in Short Blades
  4463 | D:4      | Noticed Natasha
  4467 | D:4      | Killed Natasha
  4574 | D:3      | Killed Robin
  5170 | D:3      | Found an iron altar of Okawaru.
  5176 | D:3      | Became a worshipper of Warmaster Okawaru
  5424 | D:3      | Found a faded altar of an unknown god.
  5599 | D:4      | Noticed Natasha
  5601 | D:4      | Killed Natasha
  5661 | D:4      | Killed Grinder
  5661 | D:4      | Reached XP level 8. HP: 4/44 MP: 1/8
  6406 | D:5      | Reached * piety under Okawaru
  6665 | D:5      | Found a sparkling altar of Nemelex Xobeh.
  7007 | D:6      | Reached skill level 5 in Stealth
  7007 | D:6      | Reached XP level 9. HP: 45/48 MP: 9/9
  7053 | D:6      | Learned a level 3 spell: Confuse
  7094 | D:6      | Reached skill level 1 in Hexes
  7551 | D:6      | Reached ** piety under Okawaru
  7879 | D:7      | Reached skill level 5 in Hexes
  7911 | D:7      | Found an ancient bone altar of Kikubaaqudgha.
  8007 | D:7      | Noticed a hornet
  8068 | D:7      | Paralysed by a hornet for 2 turns
  8069 | D:7      | Mangled by a hornet

Skill      XL: |  1  2  3  4  5  6  7  8  9 |
---------------+----------------------------+-----
Crossbows      | 5 6 7 8 9 10 | 10.0
Short Blades   | 6 8 |  8.0
Stealth        | 5 |  5.7
Hexes          | 5 |  5.1
Fighting       | |  2.1
Dodging        | |  2.4
Spellcasting   | |  0.7

Action                   |  1- 3 |  4- 6 |  7- 9 || total
-------------------------+-------+-------+-------++-------
Melee: Short sword       |   108 |    91 |   144 ||   343
 Fire: Hand crossbow     |    20 |   106 |   356 ||   482
 Cast: Confuse           |       |       |     4 ||     4
  Use: Potion            |     4 |     4 |       ||     8
       Scroll            |     4 |     4 |     4 ||    12
 Stab: Sleeping          |       |       |     1 ||     1
       Confused          |       |       |     1 ||     1
  Eat: Chunk             |     2 |    12 |    13 ||    27
Armor: Leather armour    |    22 |    22 |    70 ||   114
       Ring mail         |       |     5 |    11 ||    16
Dodge: Dodged            |   109 |   113 |   238 ||   460
